 Dungeon Crawl Stone Soup version 0.31.0-11-ge490571c62 (webtiles) character file.

Game seed: 9638314909877939191

338 qw the Shooter (level 6, -1/30 HPs)
             Began as a Spriggan Hunter on Feb 4, 2024.
             Slain by Pikel
             ... wielding a +0 whip of flaming
              (12 damage)
             ... on level 4 of the Dungeon.
             The game lasted 00:01:33 (2656 turns).

qw the Shooter (Spriggan Hunter)                    Turns: 2656, Time: 00:01:34

Health: -1/30      AC:  2    Str:  4 (7)  XL:     6   Next: 29%
Magic:  7/7        EV: 22    Int:  9 (11) God:
Gold:   140        SH:  0    Dex: 23 (26) Spells: 5/5 levels left

rFire   . . .        a - +1 shortbow
rCold   . . .        (shield currently unavailable)
rNeg    . . .        c - +0 robe
rPois   .            (helmet restricted)
rElec   .            (no cloak)
rCorr   .            (gloves unavailable)
SInv    +            (boots unavailable)
Will    +....        (no amulet)
Stlth   ++           f - +6 ring of dexterity
HPRegen 0.25/turn    (no ring)
MPRegen 0.10/turn

%: no passive effects
@: very quick
A: very small, no large weapons, unfitting armour, see invisible, speed 3
a: no special abilities


You were on level 4 of the Dungeon.
You visited 1 branch of the dungeon, and saw 4 of its levels.
You also visited: Sewer.

You collected 184 gold pieces.
You spent 44 gold pieces at shops.


Innate Abilities, Weirdness & Mutations

You are very small and have problems with some larger weapons.
You are too small for most types of armour.
You have supernaturally acute eyesight. (SInv)
You cover ground extremely quickly. (Speed+++)


   Skills:
 - Level 2.0 Fighting
 - Level 6.3 Ranged Weapons
 + Level 5.8 Dodging
 - Level 1.5 Stealth


You had 5 spell levels left.
You didn't know any spells.
Your spell library was empty.

Inventory:

Hand Weapons
 a - a +1 shortbow (weapon)
Armour
 c - a +0 robe (worn)
Jewellery
 f - a +6 ring of dexterity (left hand)
Scrolls
 b - a scroll of identify
Potions
 d - 2 potions of enlightenment
 e - 3 potions of heal wounds
 g - a potion of curing
 h - a potion of mutation

Dungeon Overview and Level Annotations

Branches:
Dungeon (4/15)              Sewer (visited)
 Temple: D:4-7

Altars:
Uskayaw

Shops:
D:2 ?   D:3 :   D:4 [

Annotations:
D:4 Dowan, Duvessa, Pikel


Message History

Enter note:
Enter note:
2646 ||| RETREEEEATING.
You open the door.
2647 ||| RETREEEEATING.
There is an open door here.
You shoot an arrow.
The arrow hits Pikel but does no damage.
You shoot an arrow. The lemure shouts!
The arrow hits Pikel but does no damage.
You hear a shout!
Pikel misses you.
You shoot an arrow. The arrow hits Pikel.
Pikel is lightly wounded.
Pikel barely misses you.
You shoot an arrow. The arrow hits Pikel.
Pikel is lightly wounded.
Pikel hits you with a +0 whip of flaming!
Pikel burns you.
You shoot an arrow. The arrow hits Pikel!
Pikel is moderately wounded.
Pikel misses you.
You shoot an arrow.
The arrow hits Pikel but does no damage.
Pikel is moderately wounded.
Pikel misses you.
You shoot an arrow.
The arrow hits Pikel but does no damage.
Pikel is moderately wounded.
Dowan, Brother of Duvessa comes into view.
He is wielding a +0 dagger.
Pikel closely misses you.
You shoot an arrow. The arrow barely misses Pikel.
The arrow hits the lemure.
The lemure is severely wounded.
Pikel hits you with a +0 whip of flaming.
Pikel burns you.
You shoot an arrow. The arrow hits Pikel!
Pikel is heavily wounded.
Pikel hits you with a +0 whip of flaming!
You die...
Pikel says, "See you in Hell!"

########.###+##....##
###.###.##..########
.............# #
.............# #
########+####...## #
#....##..####...##
##................#
#.................#
#... ##@##.###...#
#...####K######...###
#......e55...#......+
##......5.e..#......#
#............'.....##
#............#.....#
##..##...######.......
#..###..%##..########.
#.. +........##....# .


You could see Pikel, Duvessa, 3 lemures and Dowan.

Vanquished Creatures
  Sigmund (D:2)
  A hound (D:4)
  A hell rat (Sewer)
  4 adders
  3 river rats (Sewer)
  4 dart slugs (D:1)
  3 ribbon worms (D:3)
  An orc (D:3)
  6 ball pythons
  5 bats
  6 endoplasms
  A goblin (D:1)
  2 jackals (D:3)
  2 quokkas
  3 frilled lizards
  6 kobolds
  12 rats
61 creatures vanquished.

Notes
Turn   | Place    | Note
-------+----------+-------------------------------------------
     0 | D:1      | qw the Spriggan Hunter began the quest for the Orb.
     0 | D:1      | Reached XP level 1. HP: 10/10 MP: 2/2
     0 | D:1      | 0 ||| qw: Version: 0.3-a-160-g6735b56
     0 | D:1      | 0 ||| qw: Game counter: 5882
     0 | D:1      | 0 ||| qw: Melee chars always use a shield: true
     0 | D:1      | 0 ||| qw: God list: Okawaru
     0 | D:1      | 0 ||| qw: Allow faded altars: false
     0 | D:1      | 0 ||| qw: Do Orc after clearing Dungeon:15 true
     0 | D:1      | 0 ||| qw: Do second Lair branch before Depths: true
     0 | D:1      | 0 ||| qw: Lair rune preference: random
     0 | D:1      | 0 ||| qw: Goals: Normal
     0 | D:1      | 0 ||| PLANNING D:1-11
    49 | D:1      | Reached skill level 3 in Dodging
   100 | D:1      | Reached XP level 2. HP: 14/14 MP: 3/3
   489 | D:1      | 489 ||| READING 2 scrolls labelled YQUBBU OBAMMY.
   489 | D:1      | 489 ||| IDENTIFYING glowing orange potion
   490 | D:1      | 490 ||| READING scroll of identify.
   490 | D:1      | 490 ||| IDENTIFYING green potion
   491 | D:1      | 491 ||| DROPPING scroll of butterflies.
   492 | D:1      | 492 ||| DROPPING potion of attraction.
   599 | D:2      | Noticed an eye of devastation
   601 | D:2      | Found a faded altar of an unknown god.
   603 | D:2      | Noticed an eye of devastation
   603 | D:2      | Noticed a shining eye
   603 | D:2      | Noticed a shining eye
   716 | D:2      | Reached XP level 3. HP: 18/18 MP: 4/4
   758 | D:2      | Noticed Sigmund
   767 | D:2      | Killed Sigmund
   768 | D:2      | Reached skill level 6 in Ranged Weapons
   768 | D:2      | Reached XP level 4. HP: 7/22 MP: 5/5
   768 | D:2      | Reached XP level 5. HP: 9/25 MP: 6/6
   886 | D:2      | Found Memeol's Magic Scroll Boutique.
   894 | D:2      | 894 ||| BUYING scroll of identify (22 gold).
   894 | D:2      | Bought a scroll of identify for 22 gold pieces
   894 | D:2      | 894 ||| BUYING scroll of identify (22 gold).
   894 | D:2      | Bought a scroll of identify for 22 gold pieces
   894 | D:2      | 894 ||| SHOPLISTING scroll of teleportation (33 gold, have
                  | 8).
  1204 | D:2      | 1204 ||| READING 3 scrolls of identify.
  1204 | D:2      | 1204 ||| IDENTIFYING puce potion
  1205 | D:2      | 1205 ||| READING 2 scrolls of identify.
  1205 | D:2      | 1205 ||| IDENTIFYING sedimented golden potion
  1206 | D:2      | 1206 ||| READING scroll of identify.
  1206 | D:2      | 1206 ||| IDENTIFYING 3 bubbling inky potions
  1207 | D:2      | 1207 ||| READING scroll labelled NABAMESOYFF.
  1208 | D:2      | 1208 ||| READING scroll labelled ETTOOXZUALO.
  1212 | D:2      | 1212 ||| READING scroll labelled GIXKIC HEUS.
  1263 | D:3      | 1263 ||| PLANNING SEWER
  1291 | D:3      | Found Vejidd's Book Shoppe.
  1381 | D:3      | HP: 4/25 [quokka (4)]
  1382 | D:3      | 1382 ||| DRINKING 4 potions of heal wounds.
  1800 | D:3      | Found a glowing drain.
  1801 | D:3      | 1801 ||| UPGRADING to +6 ring of dexterity.
  1802 | D:3      | 1802 ||| DRINKING 2 emerald potions.
  1803 | D:3      | 1803 ||| DRINKING 2 potions of curing.
  1803 | D:3      | 1803 ||| (to cure confusion)
  1804 | D:3      | 1804 ||| DRINKING 3 sedimented brown potions.
  1805 | D:3      | 1805 ||| DROPPING potion of ambrosia.
  1806 | D:3      | 1806 ||| DROPPING 2 potions of degeneration.
  1826 | Sewer    | Entered a sewer
  1890 | Sewer    | Reached XP level 6. HP: 16/30 MP: 7/7
  1973 | Sewer    | HP: 5/28 [hell rat (4)]
  1974 | Sewer    | 1974 ||| READING scroll of teleportation.
  1975 | Sewer    | 1975 ||| DRINKING 3 potions of heal wounds.
  2031 | Sewer    | 2031 ||| READING 2 scrolls of identify.
  2031 | Sewer    | 2031 ||| IDENTIFYING scroll labelled UWKIF HAEPPICK
  2032 | Sewer    | 2032 ||| READING scroll of enchant weapon.
  2032 | Sewer    | 2032 ||| ENCHANTING +0 shortbow.
  2044 | D:3      | 2044 ||| PLANNING D:1-11
  2504 | D:4      | Found a hide-covered altar of Uskayaw.
  2543 | D:4      | Found Jymy's Armour Boutique.
  2621 | D:4      | Noticed Pikel
  2621 | D:4      | Noticed Duvessa
  2622 | D:4      | 2622 ||| RETREEEEATING.
  2624 | D:4      | 2624 ||| RETREEEEATING.
  2625 | D:4      | 2625 ||| RETREEEEATING.
  2626 | D:4      | 2626 ||| RETREEEEATING.
  2628 | D:4      | 2628 ||| RETREEEEATING.
  2629 | D:4      | 2629 ||| RETREEEEATING.
  2630 | D:4      | 2630 ||| RETREEEEATING.
  2631 | D:4      | 2631 ||| RETREEEEATING.
  2632 | D:4      | 2632 ||| RETREEEEATING.
  2633 | D:4      | 2633 ||| RETREEEEATING.
  2634 | D:4      | 2634 ||| RETREEEEATING.
  2641 | D:4      | 2641 ||| RETREEEEATING.
  2642 | D:4      | 2642 ||| RETREEEEATING.
  2643 | D:4      | 2643 ||| RETREEEEATING.
  2644 | D:4      | 2644 ||| RETREEEEATING.
  2645 | D:4      | 2645 ||| RETREEEEATING.
  2646 | D:4      | 2646 ||| RETREEEEATING.
  2647 | D:4      | 2647 ||| RETREEEEATING.
  2654 | D:4      | Noticed Dowan
  2656 | D:4      | Slain by Pikel

Levels and vault maps discovered:
D:1:      lemuel_arrival_hallway, layout_basic
D:2:      layout_basic, serial_shops, shop,
          hellmonk_ecumenical_altar_watching_god, mrwooster_statue_mirror,
          minmay_randomly_rotated_circles, uniq_sigmund
D:3:      layout_basic, serial_shops, nicolae_shop_tiny_real_fake_doors,
          cheibrodos_sewer_entry_bend, serial_bayou_ford_a
D:4:      layout_gridville, kennysheep_mini_moat, serial_shops, shop,
          feat_on_display, uniq_duvessa, uniq_pikel

Skill      XL: |  1  2  3  4  5 |
---------------+----------------+-----
Dodging        | 3 4 5 |  5.8
Ranged Weapons | 6 |  6.3
Fighting       | 2 |  2.0
Stealth        | |  1.5

Action                     |  1- 3 |  4- 6 || total
---------------------------+-------+-------++-------
   Fire: Shortbow          |    53 |   159 ||   212
    Use: Scroll            |     2 |     9 ||    11
         Potion            |       |     5 ||     5
 Armour: Robe              |     8 |    30 ||    38
  Dodge: Dodged            |     8 |    78 ||    86

Table legend:
 A = Non-vault XP
 B = Vault XP
 C = Vault XP percentage of total XP
 D = Non-vault monster count
 E = Vault monster count
 F = Vault count percentage of total count
                 A         B        C        D         E       F
            +---------+---------+-------+---------+---------+-------
      Total |     165 |     319 |  65.9 |      43 |      18 |  29.5
            +---------+---------+-------+---------+---------+-------
        D:1 |      31 |       0 |   0.0 |      16 |       0 |   0.0
        D:2 |      22 |     233 |  91.4 |       8 |       7 |  46.7
        D:3 |      65 |       8 |  11.0 |      15 |       2 |  11.8
        D:4 |      47 |       0 |   0.0 |       4 |       0 |   0.0
      Sewer |       0 |      78 | 100.0 |       0 |       9 | 100.0
            +---------+---------+-------+---------+---------+-------
